 Dungeon Crawl Stone Soup version 0.29-a0-371-g91724d5b39 (webtiles) character file.

Game seed: 8449425427356057003

447 spaghetti the Covert (level 7, 7/59 HPs)
             Began as a Gnoll Delver on May 2, 2022.
             Quit the game on level 7 of the Dungeon.
             The game lasted 00:01:32 (583 turns).

spaghetti the Covert (Gnoll Delver)                  Turns: 583, Time: 00:01:32

Health: 7/59       AC:  3    Str:  9 (11) XL:     7   Next: 3%
Magic:  10/10      EV: 13    Int:  8 (10) God:
Gold:   9          SH:  4    Dex: 14 (15) Spells: 10/10 levels left

rFire   . . .      SeeInvis .   h - +2 rapier (venom) {short}
rCold   . . .      Faith    .   m - +0 buckler
rNeg    . . .      Spirit   .   b - +0 leather armour
rPois   .          Reflect  .   (no helmet)
rElec   .          Harm     .   (no cloak)
rCorr   .          Rampage  .   (no gloves)
Will    .....                   (no boots)
Stlth   ++++......              (no amulet)
HPRegen 0.19/turn               (no ring)
MPRegen 0.12/turn               (no ring)

@: hasted, very quick
A: fangs 1, strong nose, distributed training
a: no special abilities


You were on level 7 of the Dungeon.
You visited 1 branch of the dungeon, and saw 3 of its levels.

You collected 9 gold pieces.


Innate Abilities, Weirdness & Mutations

You have very sharp teeth.
Your uncanny sense of smell can sniff out nearby items.
Your experience applies equally to all skills.


   Skills:
 + Level 6.9 Fighting
 + Level 5.1 Short Blades
 + Level 2.2 Long Blades
 + Level 2.2 Axes
 + Level 2.2 Maces & Flails
 + Level 2.2 Polearms
 + Level 2.2 Staves
 + Level 2.2 Slings
 + Level 2.2 Bows
 + Level 2.2 Crossbows
 + Level 2.2 Throwing
 + Level 2.2 Armour
 + Level 5.1 Dodging
 + Level 9.8 Stealth
 + Level 2.2 Shields
 + Level 2.2 Unarmed Combat
 + Level 2.2 Spellcasting
 + Level 1.8 Conjurations
 + Level 1.8 Hexes
 + Level 1.8 Summonings
 + Level 1.8 Necromancy
 + Level 1.8 Translocations
 + Level 1.8 Transmutations
 + Level 1.8 Fire Magic
 + Level 1.8 Ice Magic
 + Level 1.8 Air Magic
 + Level 1.8 Earth Magic
 + Level 1.8 Poison Magic
 + Level 2.4 Invocations
 + Level 2.2 Evocations


You had 10 spell levels left.
You didn't know any spells.
Your spell library was empty.

Inventory:

Hand Weapons
 a - a +0 short sword {short}
 h - a +2 rapier of venom (weapon) {short}
   (You took it off Eustachio on level 5 of the Dungeon)
Missiles
 j - 15 stones (quivered) {throwing}
Armour
 b - a +0 leather armour (worn)
 i - a +2 leather armour of positive energy
   (You took it off Eustachio on level 5 of the Dungeon)
 m - a +0 buckler (worn)
   (You found it on level 6 of the Dungeon)
Wands
 g - a wand of digging (3)
Scrolls
 c - a scroll of fog
 d - a scroll of magic mapping {!r}
 l - a scroll of identify {unknown}
 n - a scroll of blinking {unknown}

Dungeon Overview and Level Annotations

Branches:
Dungeon (7/15)
 Temple: D:4-7

Altars:

. #......#
#...#.# #.####.#
#..#... #.#
#........... #.#
#####.#.#.## #.#
#.#y#.. #y#
....### # ##.#
.####.#yy#
......#@######.#
...............#
..##..#.########
#..#<# #. #.# ..
#.. ## ####


You could see 3 vampire mosquitoes.


Message History

😕 HP[+4]
You regained 4 hp, and now have 57/59 hp.
A vampire mosquito is nearby!
A vampire mosquito is nearby! 😕 HP[+1]
A vampire mosquito comes into view.
A vampire mosquito comes into view.
(D) Dungeon
Where to? (? - help)
Okay, then.
The vampire mosquito buzzes angrily.
You hear an angry buzzing noise. x2 😎 HP[+1]
Your hp is fully restored (59).
The vampire mosquito barely misses you.
You block the vampire mosquito's attack.
You barely miss the vampire mosquito.
The vampire mosquito buzzes angrily.
Your bite misses the vampire mosquito.
The vampire mosquito closely misses you.
The vampire mosquito attacks as you move away!
The vampire mosquito barely misses you.
The vampire mosquito closely misses you.
The vampire mosquito attacks as you move away!
The vampire mosquito closely misses you.
The vampire mosquito barely misses you.
Okay, then.
Okay, then.
You closely miss the vampire mosquito. Your bite misses the vampire mosquito.
You block the vampire mosquito's attack.
The vampire mosquito closely misses you.
You barely miss the vampire mosquito. The vampire mosquito barely misses you.
The vampire mosquito closely misses you.
Okay, then.
You hit the vampire mosquito.
You block the vampire mosquito's attack. x2
You hit the vampire mosquito. The vampire mosquito bites you!
The vampire mosquito draws strength from your injuries!
The vampire mosquito closely misses you. 😕 HP[-10]
You take 10 damage, and now have 49/59 hp.
You hit the vampire mosquito. Your bite misses the vampire mosquito.
You block the vampire mosquito's attack.
The vampire mosquito misses you.
You hit the vampire mosquito. The vampire mosquito bites you.
The vampire mosquito draws strength from your injuries! 😮 HP[-6]
You take 6 damage, and now have 43/59 hp.
You hit the vampire mosquito. Your bite misses the vampire mosquito.
The vampire mosquito bites you.
The vampire mosquito draws strength from your injuries!
The vampire mosquito misses you. 😮 HP[-6]
You take 6 damage, and now have 37/59 hp.
You miss the vampire mosquito.
You block the vampire mosquito's attack.
The vampire mosquito closely misses you. 😮 HP[+1]
You hit the vampire mosquito.
You bite the vampire mosquito, but do no damage.
The vampire mosquito bites you!
The vampire mosquito draws strength from your injuries!
The vampire mosquito closely misses you. 😮 HP[-7]
You take 7 damage, and now have 31/59 hp.
You puncture the vampire mosquito! The vampire mosquito bites you.
* * * LOW HITPOINT WARNING * * *
The vampire mosquito draws strength from your injuries!
The vampire mosquito bites you but does no damage. 😨 HP[-5]
You take 5 damage, and now have 26/59 hp.
Okay, then.
You feel yourself speed up. The vampire mosquito barely misses you.
The vampire mosquito attacks as you move away!
The vampire mosquito bites you!
* * * LOW HITPOINT WARNING * * *
The vampire mosquito draws strength from your injuries!
You hear the creaking of a distant portcullis.
The vampire mosquito bites you.
* * * LOW HITPOINT WARNING * * *
The vampire mosquito draws strength from your injuries! 😱 HP[-12]
You take 12 damage, and now have 14/59 hp.
MASSIVE DAMAGE!! (PAUSE)
The vampire mosquito attacks as you move away!
The vampire mosquito bites you.
* * * LOW HITPOINT WARNING * * *
The vampire mosquito draws strength from your injuries! 😱 HP[-3]
You take 3 damage, and now have 11/59 hp.
The vampire mosquito attacks as you move away!
The vampire mosquito bites you but does no damage. 😱 HP[+1]
The vampire mosquito attacks as you move away!
The vampire mosquito bites you.
* * * LOW HITPOINT WARNING * * *
The vampire mosquito draws strength from your injuries! 😱 HP[-5]
You take 5 damage, and now have 7/59 hp.
The vampire mosquito closely misses you.
Are you sure you want to abandon this character and quit the game? (Confirm with "yes".)

Skill      XL: |  1  2  3  4  5  6 |
---------------+-------------------+-----
Stealth        | |  9.8
Long Blades    | 1 2 |  2.2
Axes           | 1 2 |  2.2
Maces & Flails | 1 2 |  2.2
Polearms       | 1 2 |  2.2
Staves         | 1 2 |  2.2
Slings         | 1 2 |  2.2
Bows           | 1 2 |  2.2
Crossbows      | 1 2 |  2.2
Throwing       | 1 2 |  2.2
Armour         | 1 2 |  2.2
Shields        | 1 2 |  2.2
Unarmed Combat | 1 2 |  2.2
Spellcasting   | 1 2 |  2.2
Conjurations   | 1 |  1.8
Hexes          | 1 |  1.8
Summonings     | 1 |  1.8
Necromancy     | 1 |  1.8
Translocations | 1 |  1.8
Transmutations | 1 |  1.8
Fire Magic     | 1 |  1.8
Ice Magic      | 1 |  1.8
Air Magic      | 1 |  1.8
Earth Magic    | 1 |  1.8
Poison Magic   | 1 |  1.8
Invocations    | 1 2 |  2.4
Evocations     | 1 2 |  2.2
Short Blades   | 5 |  5.1
Dodging        | 5 |  5.1
Fighting       | |  6.9

Action                   |  1- 3 |  4- 6 |  7- 9 || total
-------------------------+-------+-------+-------++-------
Melee: Short sword       |     2 |       |       ||     2
       Rapier            |       |    19 |    11 ||    30
       Bite              |       |     1 |     1 ||     2
       Punch             |       |     1 |       ||     1
  Use: Potion            |       |     2 |     1 ||     3
       Scroll            |       |     1 |       ||     1
 Stab: Sleeping          |     1 |     5 |       ||     6
Armor: Leather armour    |       |       |     2 ||     2
Dodge: Dodged            |       |    13 |    16 ||    29
Block: Buckler           |       |     2 |     6 ||     8

Levels and vault maps discovered:
D:5:      layout_loops_ring, uniq_menkaure, uniq_eustachio, uniq_edmund
D:6:      layout_gridville
D:7:      layout_loops_ring, enter_bailey_6, nicolae_water_bricks, uniq_pikel

Notes
Turn   | Place    | Note
-------+----------+-------------------------------------------
     0 | D:5      | Reached skill level 9 in Stealth
     0 | D:5      | spaghetti the Gnoll Delver began the quest for the Orb.
     0 | D:5      | Reached XP level 1. HP: 23/23 MP: 1/1
     0 | D:5      | magus.rc [v1.9.6]
     2 | D:5      | Noticed Eustachio
     3 | D:5      | Noticed a scorpion
     7 | D:5      | Noticed a phantom
     9 | D:5      | Killed Eustachio
    10 | D:5      | Reached skill level 1 in Long Blades
    10 | D:5      | Reached skill level 1 in Axes
    10 | D:5      | Reached skill level 1 in Maces & Flails
    10 | D:5      | Reached skill level 1 in Polearms
    10 | D:5      | Reached skill level 1 in Staves
    10 | D:5      | Reached skill level 1 in Slings
    10 | D:5      | Reached skill level 1 in Bows
    10 | D:5      | Reached skill level 1 in Crossbows
    10 | D:5      | Reached skill level 1 in Throwing
    10 | D:5      | Reached skill level 1 in Armour
    10 | D:5      | Reached skill level 1 in Shields
    10 | D:5      | Reached skill level 1 in Unarmed Combat
    10 | D:5      | Reached skill level 1 in Spellcasting
    10 | D:5      | Reached skill level 1 in Conjurations
    10 | D:5      | Reached skill level 1 in Hexes
    10 | D:5      | Reached skill level 1 in Summonings
    10 | D:5      | Reached skill level 1 in Necromancy
    10 | D:5      | Reached skill level 1 in Translocations
    10 | D:5      | Reached skill level 1 in Transmutations
    10 | D:5      | Reached skill level 1 in Fire Magic
    10 | D:5      | Reached skill level 1 in Ice Magic
    10 | D:5      | Reached skill level 1 in Air Magic
    10 | D:5      | Reached skill level 1 in Earth Magic
    10 | D:5      | Reached skill level 1 in Poison Magic
    10 | D:5      | Reached skill level 1 in Invocations
    10 | D:5      | Reached skill level 1 in Evocations
    10 | D:5      | Reached XP level 2. HP: 29/29 MP: 2/4
    10 | D:5      | Reached XP level 3. HP: 35/35 MP: 2/5
    10 | D:5      | Reached XP level 4. HP: 41/41 MP: 2/6
    10 | D:5      | Reached XP level 5. HP: 47/47 MP: 2/7
    34 | D:6      | Reached skill level 2 in Invocations
    34 | D:6      | Reached XP level 6. HP: 46/53 MP: 4/8
   206 | D:6      | Reached skill level 5 in Short Blades
   206 | D:6      | Reached skill level 5 in Dodging
   217 | D:6      | Reached skill level 2 in Long Blades
   217 | D:6      | Reached skill level 2 in Axes
   217 | D:6      | Reached skill level 2 in Maces & Flails
   217 | D:6      | Reached skill level 2 in Polearms
   217 | D:6      | Reached skill level 2 in Staves
   217 | D:6      | Reached skill level 2 in Slings
   217 | D:6      | Reached skill level 2 in Bows
   217 | D:6      | Reached skill level 2 in Crossbows
   217 | D:6      | Reached skill level 2 in Throwing
   217 | D:6      | Reached skill level 2 in Armour
   217 | D:6      | Reached skill level 2 in Shields
   217 | D:6      | Reached skill level 2 in Unarmed Combat
   217 | D:6      | Reached skill level 2 in Spellcasting
   217 | D:6      | Reached skill level 2 in Evocations
   358 | D:7      | Reached XP level 7. HP: 33/59 MP: 10/10
   548 | D:7      | Noticed a vampire mosquito
   553 | D:7      | Noticed a vampire mosquito
   554 | D:7      | Noticed a vampire mosquito
   577 | D:7      | HP: 14/59 [vampire mosquito (1)]
   583 | D:7      | Quit the game

Vanquished Creatures
  Eustachio (D:5)
  An ogre (D:7)
  2 scorpions
  A hound (D:6)
  A gnoll shaman (D:6)
  4 gnolls (D:6)
  An orc (D:6)
11 creatures vanquished.

Table legend:
 A = Non-vault XP
 B = Vault XP
 C = Vault XP percentage of total XP
 D = Non-vault monster count
 E = Vault monster count
 F = Vault count percentage of total count
                 A         B        C        D         E       F
            +---------+---------+-------+---------+---------+-------
      Total |     437 |     202 |  31.6 |      10 |       1 |   9.1
            +---------+---------+-------+---------+---------+-------
        D:5 |      91 |     202 |  68.9 |       1 |       1 |  50.0
        D:6 |     230 |       0 |   0.0 |       8 |       0 |   0.0
        D:7 |     116 |       0 |   0.0 |       1 |       0 |   0.0
            +---------+---------+-------+---------+---------+-------

Illustrated notes

Table legend:
 A = Kills in this place as a percentage of kills in entire the game.
 B = Kills by you in this place as a percentage of kills by you in the entire game.
 C = Kills by friends in this place as a percentage of kills by friends in the entire game.
 D = Other kills in this place as a percentage of other kills in the entire game.
 E = Experience gained in this place as a percentage of experience gained in the entire game.
 F = Experience gained in this place divided by the number of levels of this place that you have seen.
                   A       B       C       D       E      F
               +-------+-------+-------+-------+-------+----------------------
         Total | 100.0 | 100.0 |   N/A |   N/A | 100.0 | 213.0
       Dungeon | 100.0 | 100.0 |   N/A |   N/A | 100.0 | 213.0
               +-------+-------+-------+-------+-------+----------------------

Table legend: (Time is in decaauts)
 A = Elapsed time spent in this place.
 B = Non-inter-level travel time spent in this place.
 C = Inter-level travel time spent in this place.
 D = Time resting spent in this place.
 E = Time spent auto-exploring this place.
 F = Levels seen in this place.
 G = Mean time per level.
                   A        B        C        D        E       F      G
               +--------+--------+--------+--------+--------+-----+--------+
         Total |    578 |    578 |      0 |    238 |    188 |   3 |  192.7 |
       Dungeon |    578 |    578 |      0 |    238 |    188 |   3 |  192.7 |
               +--------+--------+--------+--------+--------+-----+--------+

Top non-repeatable levels by time:
     D:6: 293 daAuts
     D:7: 257 daAuts
     D:5: 28 daAuts
